 Dungeon Crawl Stone Soup version 0.29.1-13-g9f3cf754e1 (webtiles) character file.

Game seed: 2048927955490735465

74 sneakypete the Trooper (level 4, -3/38 HPs)
             Began as a Palentonga Fighter on Jan 19, 2023.
             Slain by a gnoll
             ... wielding a +0 spear
              (4 damage)
             ... on level 2 of the Dungeon.
             The game lasted 00:08:43 (1667 turns).

sneakypete the Trooper (Palentonga Fighter)         Turns: 1667, Time: 00:08:44

Health: -3/38      AC:  8    Str: 23    XL:     4   Next: 9%
Magic:  4/4        EV:  7    Int:  8    God:
Gold:   40         SH:  5    Dex: 16    Spells: 3/3 levels left

rFire   . . .      SeeInvis +   a - +0 war axe
rCold   . . .      Faith    .   c - +0 buckler
rNeg    . . .      Spirit   .   b - +0 scale mail
rPois   .          Reflect  .   g - +2 hat
rElec   .          Harm     .   (no cloak)
rCorr   .          Rampage  .   (no gloves)
Will    .....                   (no barding)
Stlth   ..........              (no amulet)
HPRegen 0.12/turn               j - +6 ring of dexterity
MPRegen 0.09/turn               (no ring)

@: no status effects
A: large, rugged brown scales 3, see invisible, deformed body, roll 1, armoured
tail
a: Rolling Charge


You were on level 2 of the Dungeon.
You visited 1 branch of the dungeon, and saw 2 of its levels.

You collected 40 gold pieces.

Inventory:

Hand Weapons
 a - a +0 war axe (weapon)
Armour
 b - a +0 scale mail (worn)
 c - a +0 buckler (worn)
 g - a +2 hat (worn)
Jewellery
 j - a +6 ring of dexterity (left hand)
Wands
 n - a wand of polymorph (6)
Scrolls
 f - 3 scrolls of amnesia {unknown}
 k - a scroll of summoning {unknown}
 l - a scroll of immolation {unknown}
 m - a scroll of acquirement {unknown}
 o - a scroll of poison {unknown}
 p - a scroll of enchant weapon {unknown}
Potions
 d - a potion of might
 e - 2 potions of curing {unknown}
 h - a potion of berserk rage {unknown}
 i - a potion of attraction {unknown}


   Skills:
 + Level 3.6 Fighting
 + Level 2.9 Axes
 + Level 2.9 Armour
 + Level 0.1 Dodging
 + Level 3.1 Shields


You had 3 spell levels left.
You didn't know any spells.
Your spell library was empty.

Dungeon Overview and Level Annotations

Branches:
Dungeon (2/15)

Altars:


Innate Abilities, Weirdness & Mutations

You are completely covered in rugged brown scales. (AC +3, +7% HP)
You have supernaturally acute eyesight. (SInv)
Armour fits poorly on your strangely shaped body.
You can roll at nearby foes to attack.
You have a long armoured tail.


Message History

Press: ? - help, Q - select action, (/) - cycle Dir - move target, f - endoplasm
Aim: an endoplasm You roll forward with a clatter of scales!
You slice the endoplasm!!
You kill the endoplasm!
A gnoll comes into view. It is wielding a +0 halberd.
A gnoll comes into view. It is wielding a +0 spear.
The gnoll shouts!
You hear a shout!
The gnoll closely misses you.
A gnoll comes into view. It is wielding a +0 spear.
The gnoll barely misses you. The gnoll hits you with a +0 spear.
You barely miss the gnoll. You slash the gnoll! The gnoll barely misses you.
The gnoll hits you with a +0 spear. The gnoll hits you with a +0 halberd!
The gnoll hits you but does no damage.
You hit the gnoll.
The gnoll is heavily wounded.
You barely miss the gnoll. You block the gnoll's attack.
The gnoll barely misses you.
You slash the gnoll!
You kill the gnoll!
You hit the gnoll but do no damage.
The gnoll hits you from afar with a +0 spear!
* * * LOW HITPOINT WARNING * * *
The gnoll hits you but does no damage.
Roll where?
Press: ? - help, Q - select action, (/) - cycle Dir - move target, f - gnoll
Aim: a gnoll, wielding a +0 spear You roll forward with a clatter of scales!
You barely miss the gnoll.
Your tail-slap misses the gnoll.
You slash the gnoll!
You kill the gnoll!
The gnoll hits you with a +0 spear.
* * * LOW HITPOINT WARNING * * *
The gnoll hits you but does no damage.
You have reached level 4!
You feel agile.
You hit the gnoll.
The gnoll is moderately wounded.
The gnoll hits you with a +0 spear.
You die...

####
########...#
#.....○@g#
#.#####).......
#.# ###.####.
#.# .# #.# #
#.## #.. ..
#..# #.# .#
##.# #.# .# ###
#.# #.# .# #..


You could see a gnoll.

Vanquished Creatures
  2 gnolls (D:2)
  An adder (D:2)
  A worm (D:2)
  A dart slug (D:1)
  6 ball pythons
  4 bats (D:1)
  7 endoplasms
  A giant cockroach (D:1)
  4 hobgoblins (D:1)
  5 kobolds
  2 goblins (D:1)
  4 rats
38 creatures vanquished.

Notes
Turn   | Place    | Note
-------+----------+-------------------------------------------
     0 | D:1      | sneakypete the Palentonga Fighter began the quest for the
                  | Orb.
     0 | D:1      | Reached XP level 1. HP: 19/19 MP: 1/1
   336 | D:1      | Reached XP level 2. HP: 25/25 MP: 2/2
   741 | D:1      | Reached XP level 3. HP: 29/31 MP: 3/3
  1666 | D:2      | HP: 1/31 [gnoll/+0 spear (4)]
  1667 | D:2      | Reached XP level 4. HP: 1/38 MP: 4/4
  1667 | D:2      | Slain by a gnoll

Illustrated notes

Levels and vault maps discovered:
D:1:      dpeg_arrival_more_subterranean_lakeside_camping, layout_basic
D:2:      layout_loops_ring, uniq_sigmund

Skill      XL: |  1  2 |
---------------+-------+-----
Shields        | 3 |  3.1
Fighting       | |  3.6
Axes           | |  2.9
Armour         | |  2.9
Dodging        | |  0.1

Action                   |  1- 3 |  4- 6 || total
-------------------------+-------+-------++-------
Melee: War axe           |    81 |     1 ||    82
       Tailslap          |     8 |       ||     8
 Abil: Rolling Charge    |     5 |       ||     5
Armor: Scale mail        |    58 |       ||    58
Dodge: Dodged            |    37 |       ||    37
Block: Buckler           |    30 |       ||    30
